 Dungeon Crawl Stone Soup version 0.30-a0-568-g124715a40b (webtiles) character file.

Game seed: 3095864583666283165

0 Pooter the Digger (level 1, 0/16 HPs)
             Began as a Troll Earth Elementalist on Dec 29, 2022.
             Slain by a gnoll
             ... wielding a +0 club
              (4 damage)
             ... on level 1 of the Dungeon.
             The game lasted 00:01:52 (61 turns).

Pooter the Digger (Troll Earth Elementalist)          Turns: 61, Time: 00:01:53

Health: 0/16       AC:  4    Str: 15    XL:     1   Next: 8%
Magic:  0/1        EV:  9    Int: 11    God:
Gold:   25         SH:  0    Dex: 10    Spells: 1/2 levels left

rFire   . . .      SeeInvis .    (no weapon)
rCold   . . .      Faith    .    (no shield)
rNeg    . . .      Spirit   .    a - +0 robe
rPois   .          Reflect  .    (helmet restricted)
rElec   .          Harm     .    (no cloak)
rCorr   .          Rampage  .    (gloves unavailable)
Will    .....                    (boots unavailable)
Stlth   +                        (no amulet)
HPRegen 1.02/turn                (no ring)
MPRegen 0.07/turn                (no ring)

@: very slightly contaminated
A: large, unfitting armour, claws 3, regeneration 1, shaggy fur 1, tough skin 1
a: no special abilities


You were on level 1 of the Dungeon.
You visited 1 branch of the dungeon, and saw 1 of its levels.

You collected 25 gold pieces.

Inventory:

Armour
 a - a +0 robe (worn)
Potions
 b - a potion of magic


   Skills:
 - Level 1.5 Dodging
 - Level 1.0 Stealth
 * Level 0.0 Unarmed Combat
 + Level 1.2 Spellcasting
 + Level 0.6 Transmutations
 * Level 2.7 Earth Magic


You had one spell level left.
You knew the following spells:

 Your Spells              Type           Power      Damage    Failure   Level
a - Sandblast             Erth           12%        2d6       11%         1

Your spell library contained the following spells:

 Spells                   Type           Power      Damage    Failure   Level
 Passwall                 Tmut/Erth      3%         N/A       24%         2
 Stone Arrow              Conj/Erth      6%         3d7       47%         3
 Ozocubu's Armour         Ice            0%         N/A       67%         3
 Petrify                  Tmut/Erth      4%         N/A       85%         4
 Ozocubu's Refrigeration  Ice            0%         4d7       100%        7


Dungeon Overview and Level Annotations

Branches:
Dungeon (1/15)

Altars:

Annotations:
D:1 2 transporters


Innate Abilities, Weirdness & Mutations

You are too large for most types of armour.
You have claws for hands.
Your natural rate of healing is unusually fast.
You are covered in fur. (AC +1)
You have tough skin. (AC +1)


Message History

Bad channel name for runrest: 'pray:' Welcome, Pooter the Troll Earth Elementalist.
A smirking vizier told you that the Orb of Zot is just within this dungeon.
Found an escape hatch in the floor.
Found two stairs.
There is a transporter landing site here.
Found a scroll labelled LAUCIWN RUISUO.
There is a staircase leading out of the dungeon here.
Found Ozocubu's Autobiography.
You pick up Ozocubu's Autobiography and begin reading...
You add the spells Ozocubu's Armour and Ozocubu's Refrigeration to your library.
Okay, then.
Found 11 gold pieces.
You now have 11 gold pieces.
Found 14 gold pieces.
You now have 25 gold pieces (gained 14).
A kobold comes into view. It is wielding a +0 dagger.
Found a ring mail.
The kobold shouts!
The kobold throws a stone.
The stone hits you but does no damage.
Aim: a kobold, wielding a +0 dagger and quivering stones (76% to hit)
You miscast Sandblast.
You are very lightly contaminated with residual magic.
Nothing appears to happen.
The kobold throws a stone.
The stone misses you.
You don't have enough magic to cast this spell.
The kobold hits you but does no damage.
A gnoll comes into view. It is wielding a +0 club.
You scratch the kobold.
You kill the kobold!
A ball python comes into view.
The gnoll hits you with a +0 club!
Things that are here:
a +0 dagger; 4 stones; a kobold corpse You closely miss the gnoll.
The ball python hisses angrily.
The gnoll hits you with a +0 club.
* * * LOW HITPOINT WARNING * * *
You scratch the gnoll but do no damage. The gnoll hits you with a +0 club.
* * * LOW HITPOINT WARNING * * *
You scratch the gnoll. The gnoll hits you with a +0 club.
You die...

≈≈~...~~≈..#
≈≈~~.~~≈≈..# ##
≈≈≈.≈≈≈#.#########..[#
≈≈.≈≈≈≈............#
~.≈~~≈########.###...
..#### #.# #.# #.# #@#
#g# #S. ####


You could see a gnoll and a ball python.

Vanquished Creatures
  A kobold (D:1)
1 creature vanquished.

Notes
Turn   | Place    | Note
-------+----------+-------------------------------------------
     0 | D:1      | Pooter the Troll Earth Elementalist began the quest for the
                  | Orb.
     0 | D:1      | Reached XP level 1. HP: 16/16 MP: 1/1
    61 | D:1      | Slain by a gnoll

Illustrated notes

Levels and vault maps discovered:
D:1:      spicycebolla_arrival_transporter_tutorial, layout_loops_ring,
          corexii_leaking_fountain

Action                   || total
-------------------------++-------
Melee: Unarmed           ||     4
Armor: Robe              ||     2
Dodge: Dodged            ||     1

Table legend: (Time is in decaauts)
 A = Elapsed time spent in this place.
 B = Non-inter-level travel time spent in this place.
 C = Inter-level travel time spent in this place.
 D = Time resting spent in this place.
 E = Time spent auto-exploring this place.
 F = Levels seen in this place.
 G = Mean time per level.
                   A        B        C        D        E       F      G
               +--------+--------+--------+--------+--------+-----+--------+
         Total |     61 |     61 |      0 |      0 |     44 |   1 |   61.0 |
       Dungeon |     61 |     61 |      0 |      0 |     44 |   1 |   61.0 |
               +--------+--------+--------+--------+--------+-----+--------+

Top non-repeatable levels by time:
     D:1: 61 daAuts
